 Dungeon Crawl Stone Soup version 0.22.1-2-g9c5b331383 (webtiles) character file.

132 McIrco the Shooter (level 4, 0/37 HPs)
             Began as a Centaur Hunter on Jan 5, 2019.
             Succumbed to an adder's poison
             ... on level 3 of the Dungeon.
             The game lasted 00:04:02 (1754 turns).

McIrco the Shooter (Centaur Hunter)                 Turns: 1754, Time: 00:04:03

Health: 0/37       AC:  4    Str: 15    XL:     4   Next: 92%
Magic:  4/4        EV:  9    Int: 10    God:
Gold:   139        SH:  0    Dex: 10    Spells: 3/3 levels left

rFire    . . .     SeeInvis .   b - +0 short sword
rCold    . . .     Gourm    .   (no shield)
rNeg     . . .     Faith    .   c - +0 leather armour
rPois    .         Spirit   .   (no helmet)
rElec    .         Reflect  .   (no cloak)
rCorr    .         Harm     .   (no gloves)
MR       .....                  (no barding)
Stlth    +.........             (no amulet)
HPRegen  0.12/turn              (no ring)
MPRegen  0.09/turn              (no ring)

@: lethally poisoned (0 -> -3), very quick
A: large, hooves 3, deformed body, speed 2, tough skin 3
a: no special abilities


You were on level 3 of the Dungeon.
You were hungry.

You visited 1 branch of the dungeon, and saw 3 of its levels.

You collected 139 gold pieces.

Inventory:

Hand Weapons
 a - a +1 shortbow
 b - a +0 short sword (weapon)
Missiles
 d - 6 arrows
Armour
 c - a +0 leather armour (worn)
 e - a +0 pair of gloves
 s - a +1 pair of boots
Wands
 n - a wand of polymorph (8)
Scrolls
 g - 3 scrolls of remove curse {unknown}
 h - a scroll of teleportation {unknown}
 i - 2 scrolls of identify {unknown}
 q - a scroll of noise {unknown}
Potions
 j - a potion of haste {unknown}
 k - 2 potions of resistance {unknown}
 l - a potion of heal wounds {unknown}
 m - 2 potions of flight {unknown}
 o - a potion of curing {unknown}
 p - a potion of ambrosia {unknown}
Comestibles
 f - 6 rations
 r - 3 chunks of flesh


   Skills:
 + Level 2.7 Fighting
 + Level 0.5 Short Blades
 + Level 7.1 Bows
 + Level 0.8 Armour
 + Level 1.8 Dodging
 - Level 0.4 Stealth


You had 3 spell levels left.
You didn't know any spells.
Your spell library was empty.

Dungeon Overview and Level Annotations

Branches:
Dungeon (3/15)

Altars:
Gozag
Xom
Zin


Innate Abilities, Weirdness & Mutations

You have hooves in place of feet.
Armour fits poorly on your strangely shaped body.
You cover ground very quickly.
You have extremely tough skin. (AC +3)


Message History

The adder barely misses you.
You completely miss the adder. You kick the adder.
The adder is severely wounded.
* * * LOW HITPOINT WARNING * * *
You feel sick. The adder bites you but does no damage.
You barely miss the adder.
The adder is severely wounded.
The adder barely misses you. The adder closely misses you.
You hit the adder.
You kill the adder!
* * * LOW HITPOINT WARNING * * *
You feel sick.
Found a stone staircase leading up.
Items here: $ ) ? [ a club; a scale mail; a scroll labeled QUOMMA QAVIA; 10 gold pieces
* * * LOW HITPOINT WARNING * * *
You feel sick.
* * * LOW HITPOINT WARNING * * *
You feel sick.
You die...

........#.####....<....
#.##.##.#.#......##...#
#.##.#....#.##....#...#
#.##..#....#......#....
.#.##.#.#..#.#.......#
#
.#.##.##.#...........#
.#.##.#
####.#.......#..
......# #.###........
......# # # #@..###..
.#.#.## ##### #. .#.#.#
.#.#.# .#.#.# .#.#.#
...#.# ..##.# ..##.#


There were no monsters in sight!

Vanquished Creatures
  Jessica (D:2)
  3 adders
  A shadow imp (D:3)
  An ooze (D:2)
  4 leopard geckos
  4 giant cockroaches
  3 goblins
  8 hobgoblins
  10 jackals
  4 ball pythons
  6 bats
  2 frilled lizards (D:2)
  9 kobolds
  4 rats
60 creatures vanquished.

Notes
Turn   | Place    | Note
-------+----------+-------------------------------------------
     0 | D:1      | McIrco the Centaur Hunter began the quest for the Orb.
     0 | D:1      | Reached XP level 1. HP: 17/17 MP: 1/1
    83 | D:1      | Reached XP level 2. HP: 24/24 MP: 2/2
   101 | D:1      | Reached skill level 6 in Bows
   532 | D:1      | Reached XP level 3. HP: 29/29 MP: 3/3
   737 | D:2      | Found an opulent altar of Gozag.
   738 | D:2      | Found a glowing silver altar of Zin.
  1135 | D:2      | Noticed Jessica
  1140 | D:2      | Killed Jessica
  1140 | D:2      | Reached XP level 4. HP: 34/37 MP: 4/4
  1660 | D:3      | Found a shimmering altar of Xom.
  1736 | D:3      | Reached skill level 7 in Bows
  1746 | D:3      | HP: 1/37 [poisoned by an adder]
  1754 | D:3      | Succumbed to an adder's poison

Skill      XL: |  1  2  3  4 |
---------------+-------------+-----
Bows           | 6 7 |  7.1
Fighting       | |  2.7
Short Blades   | |  0.5
Armour         | |  0.8
Dodging        | |  1.8
Stealth        | |  0.4

Action                   |  1- 3 |  4- 6 || total
-------------------------+-------+-------++-------
Melee: Short sword       |    53 |    38 ||    91
       Kick              |     5 |     7 ||    12
 Fire: Shortbow          |    82 |    25 ||   107
  Eat: Chunk             |       |     1 ||     1
Armor: Leather armour    |    45 |    17 ||    62
Dodge: Dodged            |    38 |    24 ||    62
